 Dungeon Crawl Stone Soup version 0.30-a0-760-g5a9884bb7c (webtiles) character file.

Game seed: 5098484491439082014

65 mopl the Magician (level 4, -1/27 HPs)
             Began as an Octopode Hedge Wizard on Feb 10, 2023.
             Killed by nerve-wracking pain
             ... invoked by Jessica
              (4 damage)
             ... on level 2 of the Dungeon.
             The game lasted 00:01:33 (797 turns).

mopl the Magician (Octopode Hedge Wizard)            Turns: 797, Time: 00:01:34

Health: -1/27      AC:  1    Str:  7 (9)  XL:     4   Next: 13%
Magic:  9/9        EV: 13    Int: 17 (18) God:
Gold:   98         SH:  0    Dex:  9 (11) Spells: 7/10 levels left

rFire   . . .      SeeInvis .    a - +0 dagger
rCold   . . .      Faith    .    (no shield)
rNeg    . . .      Spirit   .    b - +0 hat
rPois   .          Reflect  .    (no amulet)
rElec   .          Harm     .    (no ring)
rCorr   .          Rampage  .    (no ring)
Will    .....                    (no ring)
Stlth   +++                      (no ring)
HPRegen 0.24/turn                (no ring)
MPRegen 0.11/turn                (no ring)
                                 (no ring)
                                 (no ring)

@: no status effects
A: almost no armour, amphibious, 8 rings, camouflage 1, gelatinous body 1,
(nimble swimmer 1), tentacles
a: no special abilities


You were on level 2 of the Dungeon.
You visited 1 branch of the dungeon, and saw 2 of its levels.

You collected 98 gold pieces.

Inventory:

Hand Weapons
 a - a +0 dagger (weapon)
Armour
 b - a +0 hat (worn)
Scrolls
 d - a scroll of identify {unknown}
 e - a scroll of magic mapping {unknown}
 g - a scroll of blinking {unknown}
 h - a scroll of fog {unknown}
 j - 2 scrolls of teleportation {unknown}
Potions
 c - a potion of magic
 f - a potion of heal wounds {unknown}
 i - a potion of degeneration
 k - a potion of invisibility {unknown}


   Skills:
 - Level 2.0 Dodging
 - Level 2.6 Stealth
 + Level 3.6 Spellcasting
 + Level 2.2 Conjurations
 - Level 1.0 Summonings
 + Level 2.2 Translocations


You had 7 spell levels left.
You knew the following spells:

 Your Spells              Type           Power      Damage    Failure   Level
a - Magic Dart            Conj           40%        1d5       6%          1
e - Blink                 Tloc           20%        N/A       10%         2

Your spell library contained the following spells:

 Spells                   Type           Power      Damage    Failure   Level
 Slow                     Hex            12%        N/A       17%         1
 Call Imp                 Summ           6%         N/A       17%         2
 Cigotuvi's Dreadful Rot  Necr/Pois/Air  6%         N/A       26%         2
 Mephitic Cloud           Conj/Pois/Air  5%         N/A       36%         3
 Inner Flame              Hex/Fire       3%         N/A       45%         3
 Flame Wave               Conj/Fire      6%         2d5       71%         4
 Sticky Flame             Conj/Fire      6%         2d3       71%         4


Dungeon Overview and Level Annotations

Branches:
Dungeon (2/15)

Altars:

Annotations:
D:2 Jessica


Innate Abilities, Weirdness & Mutations

You cannot wear most types of armour.
You are amphibious.
You can wear up to eight rings at the same time.
Your skin changes colour to match your surroundings (Stealth+).
Your rubbery body absorbs attacks. (AC +1, EV +1)
((You are camouflaged when in or above water. (Stealth+)))
You have tentacles for arms and can constrict up to eight enemies at once.


Message History

You constrict the adder.
You feel sick. The adder bites you. x2
Jessica mumbles some strange words.
Jessica seems to speed up.
You hit the adder but do no damage.
The adder is severely wounded.
You constrict the adder.
You feel sick.
Jessica points at you and mumbles some strange words.
Pain shoots through your body! The adder barely misses you.
You are too injured to fight recklessly!
You hit the adder.
You kill the adder!
You feel sick.
Jessica mumbles some strange words.
Jessica blinks!
Jessica mumbles some strange words.
Jessica blinks!
You have reached level 4!
You feel sick. The bat hits you but does no damage.
Jessica hits you with a +0 dagger.
* * * LOW HITPOINT WARNING * * *
The rat twitches its whiskers.
The bat misses you.
There is an open door here.
You feel sick.
Jessica drinks a potion.
Jessica's spells are empowered!
It was a potion of degeneration.
There was something very wrong with that liquid.
You feel weakened.
You feel dopey.
You feel clumsy.
You feel sick. Jessica barely misses you.
You hit Jessica. You grab Jessica.
Jessica is moderately wounded.
You constrict Jessica.
You feel sick.
You are no longer poisoned.
Jessica points at you and mumbles some strange words.
You resist with significant effort. Jessica barely misses you.
You hit Jessica.
Jessica is severely wounded.
You constrict Jessica, but do no damage.
Jessica gestures at you while chanting. Pain shoots through your body!
You die...

♣...##†##...♣
#♣...#...#...♣#
+...#..#..#...+
#♣...#...#...♣#
♣...##.##...♣
♣♣....#....♣♣
♣♣.......♣♣
♣♣.....♣♣
♣♣♣@♣♣♣
###@####
#..b...#
.......#.......
#...#.. ....###
... #.# ....#
.. .. (..... .
!.. .#>####
.... .###


You could see Jessica (fast, empowered) and a bat.

Vanquished Creatures
  2 adders (D:2)
  A worm (D:2)
  2 dart slugs (D:1)
  4 endoplasms
  4 giant cockroaches
  2 goblins (D:1)
  3 hobgoblins (D:1)
  3 quokkas
  3 ball pythons
  5 bats
  4 frilled lizards
  2 kobolds (D:1)
  5 rats
40 creatures vanquished.

Notes
Turn   | Place    | Note
-------+----------+-------------------------------------------
     0 | D:1      | mopl the Octopode Hedge Wizard began the quest for the Orb.
     0 | D:1      | Reached XP level 1. HP: 11/11 MP: 4/4
    87 | D:1      | Reached XP level 2. HP: 5/17 MP: 6/6
   269 | D:1      | Reached XP level 3. HP: 18/21 MP: 7/7
   432 | D:1      | Learned a level 2 spell: Blink
   647 | D:2      | Reached skill level 2 in Conjurations
   689 | D:2      | Reached skill level 2 in Translocations
   787 | D:2      | Noticed Jessica
   793 | D:2      | Reached XP level 4. HP: 10/27 MP: 9/9
   797 | D:2      | Killed from afar by Jessica

Illustrated notes

Levels and vault maps discovered:
D:1:      spicycebolla_arrival_risky_transporter, layout_rooms,
          minmay_surrounded
D:2:      layout_basic, kennysheep_generic_room_2, uniq_sigmund, uniq_jessica

Skill      XL: |  1  2  3 |
---------------+----------+-----
Conjurations   | 2 |  2.2
Translocations | 2 |  2.2
Dodging        | |  2.0
Stealth        | |  2.6
Spellcasting   | |  3.6
Summonings     | |  1.0

Action                     |  1- 3 |  4- 6 || total
---------------------------+-------+-------++-------
  Melee: Dagger            |    85 |     2 ||    87
         Constrict         |    20 |     1 ||    21
         Tentacles         |    17 |       ||    17
         Punch             |     4 |       ||     4
    Use: Potion            |       |     1 ||     1
   Stab: Sleeping          |     8 |       ||     8
 Armour: Skin              |    14 |     1 ||    15
  Dodge: Dodged            |    82 |     3 ||    85

Table legend: (Time is in decaauts)
 A = Elapsed time spent in this place.
 B = Non-inter-level travel time spent in this place.
 C = Inter-level travel time spent in this place.
 D = Time resting spent in this place.
 E = Time spent auto-exploring this place.
 F = Levels seen in this place.
 G = Mean time per level.
                   A        B        C        D        E       F      G
               +--------+--------+--------+--------+--------+-----+--------+
         Total |    796 |    764 |     32 |    188 |    350 |   2 |  398.0 |
       Dungeon |    796 |    764 |     32 |    188 |    350 |   2 |  398.0 |
               +--------+--------+--------+--------+--------+-----+--------+

Top non-repeatable levels by time:
     D:1: 464 daAuts
     D:2: 332 daAuts
